[Event "*** Titled Tuesday Blitz"]
[Site "Chess.com"]
[Date "2018.12.04"]
[Round "6"]
[White "Benek77"]
[Black "Alexander_Moskalenko"]
[Result "1-0"]
[WhiteElo "2617"]
[BlackElo "2814"]
[TimeControl "180+2"]
[EndTime "14:20:17 PST"]
[Termination "Benek77 won on time"]

1. e4 c5 2. Nf3 d6 3. d4 cxd4 4. Nxd4 Nf6 5. Nc3 a6 6. Be2 e6 7. O-O Be7 8. Be3 O-O 9. f4 Nc6 10. Bd3 Qc7 11. Qf3 Nb4 12. Rac1 Bd7 13. a3 Nxd3 14.
cxd3 Qa5 15. g4 h5 16. g5 Ng4 17. Nc2 Nxe3 18. Nxe3 Qb6 19. Kh1 g6 20. Nc4 Qd4 21.
Ne2 Qg7 22. Nb6 Bc6 23. Nxa8 Rxa8 24. Rc2 Ba4 25. Rc7 Bd8 26. Rxb7 Bc6 27. Rb3 Ba5 28. Rc1 Ba4 29. Rb7 Bb5 30. e5 Rd8 31. Nd4 Qf8 32.
Nxb5 axb5 33. Rxb5 Bd2 34. Rc2 Bxf4 35. Qxf4 dxe5 36.
Qxe5 Qe7 37. Rc7 1-0

[Event "*** Titled Tuesday Blitz"]
[Site "Chess.com"]
[Date "2018.12.04"]
[Round "6"]
[White "martinique24"]
[Black "Alopekos"]
[Result "0-1"]
[WhiteElo "2418"]
[BlackElo "2503"]
[TimeControl "180+2"]
[EndTime "14:20:24 PST"]
[Termination "Alopekos won by checkmate"]

1. e4 e5 2. Nf3 Nc6 3. Bb5 a6 4. Ba4 Nf6 5. O-O b5 6. Bb3 Bc5 7. a4 Rb8 8. Re1 d6 9. c3 O-O 10. d4 Bb6 11. Bg5 h6 12. Bh4 Re8 13. axb5 axb5 14. d5 Na5 15. Bc2 g5 16. Nxg5 hxg5 17. Bxg5 Kg7 18. Qf3 c6 19. b4 Nc4 20. dxc6 Rh8 21.
Na3 Nxa3 22. Rxa3 Qe7 23. Bb3 Be6 24. Bd5 Ra8 25. Rea1 Rxa3 26. Rxa3 Bd8 27. Ra8 Qc7 28. h4 Nxd5 29. exd5 Bxg5 30. hxg5 Rxa8 31. Qf6+ Kg8 32. dxe6 fxe6 33. Qxe6+ Qf7 34. Qxd6 Ra1+ 35. Kh2 Qf4+ 36. g3 Qxf2+ 37. Kh3 Qf5+ 38. Kg2 Qf1+ 39. Kh2 Qh1# 0-1

[Event "*** Titled Tuesday Blitz"]
[Site "Chess.com"]
[Date "2018.12.04"]
[Round "6"]
[White "Kimster98"]
[Black "volcanoexplorer"]
[Result "1-0"]
[WhiteElo "2563"]
[BlackElo "2398"]
[TimeControl "180+2"]
[EndTime "14:20:24 PST"]
[Termination "Kimster98 won on time"]

1. e4 e5 2. Nf3 Nc6 3. Bc4 Bc5 4. O-O Nf6 5. d3 O-O 6. c3 d6 7. a4 a6 8. h3 h6 9. Na3 Ba7 10. Nc2 Ne7 11. Be3 Bxe3 12. Nxe3 Ng6 13. Kh2 c6 14. Bb3 Be6 15. Bxe6 fxe6 16. g3 d5 17. Qc2 Nxe4 18. dxe4 Rxf3 19. exd5 Qf6 20. dxe6 Qxe6 21. Qe4 Raf8 22. Kg2 R3f7 23. Rad1 Ne7 24. Rd2 Qf6 25. f4 exf4 26. Rxf4 Qg5 27. Rxf7 Rxf7 28. Rd8+ Rf8 29.
Qe6+ Kh7 30. Rxf8 h5 31. h4 Qc5 32. Rf5 1-0

[Event "*** Titled Tuesday Blitz"]
[Site "Chess.com"]
[Date "2018.12.04"]
[Round "6"]
[White "StephenDedalus83"]
[Black "eldur16"]
[Result "1-0"]
[WhiteElo "2740"]
[BlackElo "2632"]
[TimeControl "180+2"]
[EndTime "14:20:25 PST"]
[Termination "StephenDedalus83 won on time"]

1. e4 g6 2. d4 Bg7 3. Nc3 d6 4. Be3 a6 5. Qd2 b5 6. h4 Nf6 7. f3 h5 8. Nh3 Bxh3 9. Rxh3 c6 10. O-O-O Nbd7 11. Kb1 Qc7 12. Bd3 Rb8 13. Rhh1 Nb6 14. Qf2 Nc4 15. Bc1 Nd7 16. Ne2 c5 17. c3 cxd4 18.
cxd4 Ndb6 19. f4 b4 20. e5 Nd5 21. Qf3 e6 22. Be4 O-O 23. g4 hxg4 24. Qxg4 Nce3 25. Qf3 Nxd1 26. Rxd1 dxe5 27. fxe5 Nc3+ 28. bxc3 bxc3+ 29. Kc2 Qc4 30. Nxc3 Rfc8 31. Rf1 Qxa2+ 32. Kd1 Qb3+ 33. Kd2 Rb4 34. Qxf7+ Kh8 35. Qxg6 Qxc3+ 36. Ke2 Qc4+ 37. Bd3 Qa2+ 38. Bd2 1-0

[Event "*** Titled Tuesday Blitz"]
[Site "Chess.com"]
[Date "2018.12.04"]
[Round "6"]
[White "amintabatabaei"]
[Black "dretch"]
[Result "0-1"]
[WhiteElo "2723"]
[BlackElo "2821"]
[TimeControl "180+2"]
[EndTime "14:20:29 PST"]
[Termination "dretch won by resignation"]

1. d4 d5 2. c4 c6 3. cxd5 cxd5 4. Nc3 Nc6 5. Nf3 Bf5 6. Bf4 e6 7. e3 Bd6 8. Bxd6 Qxd6 9. Qb3 Nge7 10. Be2 O-O 11.
a3 Rfc8 12. O-O Na5 13. Qb4 Qxb4 14. axb4 Nc4 15. Bxc4 Rxc4 16. b5 Rb4 17. Ra2 Bd3 18. Rfa1 Nc8 19. Ne1 Bxb5 20. Nxb5 Rxb5 21. Nd3 a6 22. Rc1 Nd6 23. Rc7 Rc8 24. Rd7 Ne4 25. b4 Nf6 26. Rd6 Kf8 27. Ra5 Rxb4 28. Rd8+ Rxd8 29.
Nxb4 Rc8 30. Kf1 Ne4 31. f3 Nd2+ 32. Ke2 Nc4 33. Ra2 Ke7 34. Nd3 a5 35. e4 b6 36. g4 dxe4 37. fxe4 Nd6 38. Nf2 Nb5 39. Kd3 Rc3+ 40. Kd2 Rf3 41. Nd3 Nxd4 42. Kc3 Nc6 43. Kc4 Rxd3 0-1

[Event "*** Titled Tuesday Blitz"]
[Site "Chess.com"]
[Date "2018.12.04"]
[Round "6"]
[White "silverback96"]
[Black "Kawhi_Leonard2"]
[Result "1-0"]
[WhiteElo "2155"]
[BlackElo "2276"]
[TimeControl "180+2"]
[EndTime "14:20:30 PST"]
[Termination "silverback96 won by resignation"]

1. d4 Nf6 2. c4 c5 3. d5 e6 4. Nc3 exd5 5. cxd5 d6 6. Nf3 g6 7. g3 Bg7 8. Bg2 O-O 9. O-O a6 10. a4 Nbd7 11. Bf4 Qe7 12. Rb1 Nh5 13. Bg5 f6 14.
Bd2 f5 15. Bg5 Qf7 16. Qd2 Ne5 17. b4 cxb4 18. Rxb4 Re8 19. Nd4 a5 20. Rbb1 h6 21. Bxh6 Nc4 22. Qa2 Bxd4 23. Qxc4 Be5 24. Nb5 Bd7 25. f4 Rac8 26. Qd3 Bh8 27. Nxd6 Qe7 28. Nxe8 Rxe8 29. Bg5 Qc5+ 30. Kh1 Re3 31. Qd2 Bc3 32. Qc1 Bxa4 33. Rxb7 Be8 34. d6 Qxd6 35. Qxe3 1-0

[Event "*** Titled Tuesday Blitz"]
[Site "Chess.com"]
[Date "2018.12.04"]
[Round "6"]
[White "gmcorrales"]
[Black "GhostOfGreenval"]
[Result "1/2-1/2"]
[WhiteElo "2800"]
[BlackElo "2848"]
[TimeControl "180+2"]
[EndTime "14:20:37 PST"]
[Termination "Game drawn by repetition"]

1. e4 c5 2. Nf3 d6 3. d4 cxd4 4. Nxd4 Nf6 5. Nc3 a6 6. Be3 e5 7. Nf3 Be7 8. a4 b6 9. Bc4 Qc7 10. Bd5 Bb7 11. Bg5 Nbd7 12. Bxf6 Nxf6 13. Bxb7 Qxb7 14. Qd3 O-O 15. O-O Rfc8 16. Nd2 Rab8 17. Rfd1 b5 18. axb5 axb5 19. b4 Qc6 20. Ra3 g6 21.
Nf1 h5 22. Ne3 Kg7 23. Ncd5 Nxd5 24. Nxd5 Bd8 25. c3 Ra8 26. Rda1 Rxa3 27. Rxa3 h4 28. g3 Qd7 29. Ra6 Qg4 30. Rxd6 hxg3 31. hxg3 Bg5 32.
Ra6 Rh8 33. Ra7 Qh5 34. Kf1 Qg4 35. Kg1 Qh5 36. Kf1 Qg4 37. Kg1 1/2-1/2

[Event "*** Titled Tuesday Blitz"]
[Site "Chess.com"]
[Date "2018.12.04"]
[Round "6"]
[White "Schachmalanders"]
[Black "PawnEatingZombie"]
[Result "1-0"]
[WhiteElo "2303"]
[BlackElo "2203"]
[TimeControl "180+2"]
[EndTime "14:20:41 PST"]
[Termination "Schachmalanders won by resignation"]

1. e4 e6 2. d4 d5 3. exd5 exd5 4. Bd3 Nf6 5. Nf3 c5 6. O-O Be7 7.
dxc5 O-O 8. c3 Bxc5 9. Bg5 h6 10. Bh4 g5 11. Bg3 Ne4 12. Be5 Nc6 13. Nbd2 Nxf2 14. Rxf2 Bxf2+ 15. Kxf2 Nxe5 16. Nxe5 Qf6+ 17. Ndf3 g4 18.
Qe2 gxf3 19. gxf3 Bf5 20. Rg1+ Kh8 21. Bxf5 Qxf5 22. Qe3 Kh7 23. Ng4 Qg5 24. Qd4 f6 25. Qd3+ Kh8 26. Rg3 Rad8 27. Rh3 h5 28. Qd4 Kg7 29.
Ne3 Qe5 30. Qxa7 Rfe8 31. Qxb7+ Re7 32. Nf5+ 1-0

[Event "*** Titled Tuesday Blitz"]
[Site "Chess.com"]
[Date "2018.12.04"]
[Round "6"]
[White "JonahWillow"]
[Black "afgano29"]
[Result "1-0"]
[WhiteElo "2686"]
[BlackElo "2627"]
[TimeControl "180+2"]
[EndTime "14:20:42 PST"]
[Termination "JonahWillow won by resignation"]

1. e4 c5 2. Nf3 Nc6 3. d4 cxd4 4. Nxd4 e5 5. Nb5 d6 6. N1c3 a6 7. Na3 Be7 8. Nc4 b5 9. Ne3 Nf6 10. g3 h5 11. h3 h4 12. g4 Nd4 13. Bg2 g6 14.
O-O Nh7 15. Ncd5 Bg5 16. c3 Ne6 17. a4 Rb8 18. axb5 axb5 19. Ra7 O-O 20. Nc2 Bb7 21. Ncb4 Bxc1 22. Qxc1 Nhg5 23. Qe3 Re8 24. Rd1 Nf4 25.
Nxf4 exf4 26. Qxf4 Bxe4 27. Rxd6 Qxd6 28. Qxd6 Rbd8 29.
Rd7 Ra8 30. Qf4 Ra1+ 31. Kh2 Bxg2 32. Kxg2 Rg1+ 33. Kh2 Ree1 34. Qxg5 1-0

[Event "*** Titled Tuesday Blitz"]
[Site "Chess.com"]
[Date "2018.12.04"]
[Round "6"]
[White "Vadim_Biliy"]
[Black "Oligan22"]
[Result "0-1"]
[WhiteElo "2143"]
[BlackElo "2281"]
[TimeControl "180+2"]
[EndTime "14:20:44 PST"]
[Termination "Oligan22 won by resignation"]

1. e4 c5 2. Nf3 e6 3. d4 cxd4 4. Nxd4 Nc6 5. Nc3 Qc7 6. g3 a6 7. Bg2 h5 8. h3 Nf6 9. Nde2 b5 10. a3 Bb7 11. Bf4 d6 12. O-O Be7 13. Qd2 Ne5 14.
Rad1 O-O 15. b3 Rac8 16. Qe3 Rfd8 17. Rd2 Ng6 18. Bg5 Qc5 19. Rfd1 Ne5 20. Bf4 Nfd7 21. Rd4 Qxa3 22. Nb1 Qc5 23. c3 Qc7 24. f3 Nc5 25.
b4 Nb3 26. Bxe5 dxe5 27. Rxd8+ Rxd8 28. Rxd8+ Bxd8 29. Na3 Qd6 30. Kh2 f6 31. Nc1 Bb6 32. Qe1 Nd2 33. Nc2 a5 34. bxa5 Bxa5 35. Ne2 Qd3 36.
Nb4 Qe3 37. Nc2 Nxf3+ 38. Bxf3 Qxf3 39. Qa1 Bxe4 0-1

[Event "*** Titled Tuesday Blitz"]
[Site "Chess.com"]
[Date "2018.12.04"]
[Round "6"]
[White "arctic_t00"]
[Black "mazetofonias"]
[Result "0-1"]
[WhiteElo "2396"]
[BlackElo "2559"]
[TimeControl "180+2"]
[EndTime "14:20:46 PST"]
[Termination "mazetofonias won by checkmate"]

1. d4 Nf6 2. Nf3 e6 3. c4 c5 4. d5 d6 5. Nc3 exd5 6. cxd5 g6 7. Nd2 Nbd7 8. e4 Bg7 9. Be2 O-O 10. Nc4 Nb6 11. Ne3 Re8 12. f3 a6 13. O-O Nbd7 14. a4 Rb8 15. Nc4 Ne5 16. Nxe5 Rxe5 17. Bf4 Re8 18.
Qd2 Qc7 19. Rfe1 Bd7 20. a5 c4 21. Bf1 Bb5 22. Kh1 Nh5 23. Bh6 Bh8 24. g4 Nf6 25. Be3 Nd7 26. Bd4 Bxd4 27. Qxd4 Qc5 28. Rad1 Rbc8 29.
Qd2 Ne5 30. Qf4 Bd7 31. Ra1 Qb4 32. Ra2 Rc5 33. Rea1 Rc7 34. Be2 Qc5 35. Kg2 Rf8 36. Qg3 Kh8 37. f4 Nd3 38. Bxd3 cxd3 39. h3 f5 40. e5 dxe5 41. fxe5 fxg4 42. hxg4 Bxg4 43. e6 Bf3+ 44. Kh2 Bxd5 45. Nxd5 Qxd5 46. Qxc7 Rf2+ 47. Kh3 Qg2+ 48. Kh4 g5+ 49. Kh5 Qh3+ 50. Kxg5 Rf5# 0-1

[Event "*** Titled Tuesday Blitz"]
[Site "Chess.com"]
[Date "2018.12.04"]
[Round "6"]
[White "MFguimaraes"]
[Black "MartinNeu"]
[Result "0-1"]
[WhiteElo "2344"]
[BlackElo "2474"]
[TimeControl "180+2"]
[EndTime "14:20:46 PST"]
[Termination "MartinNeu won by resignation"]

1. e4 c5 2. Nf3 d6 3. Bb5+ Nd7 4. a4 Nf6 5. d3 e6 6. Nc3 a6 7. Bc4 Be7 8. O-O O-O 9. Re1 Nb8 10. e5 Ne8 11.
exd6 Nxd6 12. Bb3 Nc6 13. Be3 b6 14. Ne4 Nxe4 15. dxe4 Qc7 16. Qe2 Na5 17. Ba2 Bb7 18.
Bg5 Bxg5 19. Nxg5 Qe5 20. Nf3 Qxb2 21. Reb1 Qc3 22. Bb3 Rad8 23. Qe3 Qxe3 24. fxe3 Bxe4 25. Ne5 Rd6 26. Rd1 Rfd8 27. Rxd6 Rxd6 28. Nf3 c4 29. Ba2 Bxc2 30. Rc1 Rd1+ 31. Rxd1 Bxd1 32. Kf2 Bb3 33. Bb1 c3 34. Nd4 Bxa4 35. Ke2 e5 36. Nc2 Bb5+ 37. Ke1 Bd3 38. Kd1 Nc4 39. Ba2 b5 40. Nb4 Nxe3+ 41. Kc1 Bc4 42. Bxc4 Nxc4 43. Nxa6 Ne3 44. g3 f5 45. Nc5 f4 46. gxf4 exf4 47. Nd3 f3 48. Nf2 b4 49. Kb1 b3 50. Kc1 Kf7 51.
h4 Ke6 52. Kb1 Kd5 53. Ka1 Kc4 54. Ne4 Kd3 55. Ng3 Kc2 0-1

[Event "*** Titled Tuesday Blitz"]
[Site "Chess.com"]
[Date "2018.12.04"]
[Round "6"]
[White "TigranLPetrosyan"]
[Black "GMG"]
[Result "1-0"]
[WhiteElo "2816"]
[BlackElo "2680"]
[TimeControl "180+2"]
[EndTime "14:20:49 PST"]
[Termination "TigranLPetrosyan won by checkmate"]

1. e4 d5 2. exd5 Qxd5 3. Nc3 Qa5 4. d4 Nf6 5. Nf3 c6 6. Bc4 Bf5 7. Ne5 e6 8. g4 Bg6 9. Bd2 Nbd7 10. Nd5 Qd8 11. Nxf6+ gxf6 12. Nxg6 hxg6 13. c3 f5 14. Qf3 Bh6 15. Bxh6 Rxh6 16. gxf5 gxf5 17. O-O-O Qh4 18. b4 a6 19. Kb2 Nf6 20. Rde1 Kf8 21. Rhg1 Ng4 22.
Rg3 Qxh2 23. Re2 Re8 24. Kb3 Qh1 25. Qf4 Qd1+ 26. Rc2 Rh1 27. Be2 Qa1 28. Bxg4 Rb1+ 29. Ka3 fxg4 30. Rxg4 a5 31. Qd6+ Re7 32. f3 axb4+ 33.
Ka4 b3 34. Qd8+ Re8 35. Rg8+ Kxg8 36. Qxe8+ Kg7 37. Rg2+ Kf6 38. Qd8+ Kf5 39. Qg5# 1-0

[Event "*** Titled Tuesday Blitz"]
[Site "Chess.com"]
[Date "2018.12.04"]
[Round "6"]
[White "amiralfio"]
[Black "vpantev"]
[Result "1-0"]
[WhiteElo "2428"]
[BlackElo "2609"]
[TimeControl "180+2"]
[EndTime "14:20:51 PST"]
[Termination "amiralfio won by resignation"]

1. d4 Nf6 2. Nf3 e6 3. c4 Bb4+ 4. Bd2 c5 5. g3 Qb6 6. dxc5 Bxc5 7. e3 Qxb2 8. Nc3 Qb6 9. Na4 Qc7 10. Nxc5 Qxc5 11.
Bg2 O-O 12. O-O Qxc4 13. Rc1 Qxa2 14. Bc3 Nd5 15. Ba1 Nc6 16. Ng5 h6 17. Ne4 Qa3 18.
Qg4 f6 19. Nc5 b6 20. Nxd7 Bxd7 21. Bxd5 exd5 22. Qxd7 Rad8 23. Qxc6 Qe7 24. Rfd1 Kh8 25. h4 h5 26. Rxd5 Rc8 27. Rxh5+ Kg8 28. Qd5+ Qf7 29.
Rxc8 Rxc8 30. Rh8+ Kxh8 31. Qxf7 Rc1+ 32. Kg2 Rxa1 33.
Kf3 b5 34. Kg4 b4 35. Kf5 Ra5+ 36. Kg6 1-0

[Event "*** Titled Tuesday Blitz"]
[Site "Chess.com"]
[Date "2018.12.04"]
[Round "6"]
[White "DishonorOnYourCow"]
[Black "SerGo055"]
[Result "0-1"]
[WhiteElo "2234"]
[BlackElo "2442"]
[TimeControl "180+2"]
[EndTime "14:20:52 PST"]
[Termination "SerGo055 won on time"]

1. d4 Nf6 2. c4 e6 3. Nc3 d5 4. cxd5 exd5 5. Bg5 c6 6. e3 Bf5 7. Qf3 Bg6 8. Bxf6 Qxf6 9. Qxf6 gxf6 10. h4 h5 11. f3 Bd6 12. Kf2 Nd7 13. g4 O-O-O 14. Rc1 Kb8 15. Na4 Rdg8 16. Bg2 hxg4 17. fxg4 Be4 18.
Bxe4 dxe4 19. Nc5 Bxc5 20. dxc5 Ne5 21. Ne2 Nd3+ 22. Kg3 Nxc1 23. Rxc1 f5 24. g5 f6 25. Kf4 Rxh4+ 26. Kxf5 fxg5 27. Rg1 Rf8+ 28. Ke5 Re8+ 29. Kf5 Rh2 30. Nd4 Rf2+ 31. Kg6 g4 32. b4 g3 33. Kg7 g2 34. a4 a5 35. b5 Re5 36.
bxc6 Rxc5 37. cxb7 Rg5+ 38. Kh6 Rg3 39. Rc1 Rf6+ 0-1

[Event "*** Titled Tuesday Blitz"]
[Site "Chess.com"]
[Date "2018.12.04"]
[Round "6"]
[White "mikhaillushenkov"]
[Black "CaptainCasanova"]
[Result "1-0"]
[WhiteElo "2655"]
[BlackElo "2648"]
[TimeControl "180+2"]
[EndTime "14:20:55 PST"]
[Termination "mikhaillushenkov won by resignation"]

1. Nf3 Nf6 2. c4 g6 3. Nc3 Bg7 4. e4 d6 5. d4 O-O 6. Be2 e5 7. O-O Nc6 8. d5 Ne7 9. Ne1 Nd7 10. Be3 f5 11. f3 f4 12. Bf2 g5 13. a4 a5 14. Nd3 b6 15. Be1 Nf6 16. Nf2 h5 17. h3 Kh8 18. b4 Neg8 19. bxa5 bxa5 20. c5 Rf7 21. Nb5 Bf8 22. cxd6 cxd6 23. Ra3 Nh6 24. Rc3 g4 25. fxg4 hxg4 26. hxg4 Rg7 27. Rh3 Rg6 28. Qc2 Kg8 29. Qc7 Qxc7 30. Nxc7 Ra7 31. Ne6 Bxe6 32.
dxe6 Nhxg4 33. Nxg4 Nxg4 34. Bc4 Kg7 35. Bd2 Rc7 36. Rc1 Rb7 37. Bb5 Rxe6 38. Bxa5 Ne3 39. Rc7+ Rxc7 40. Bxc7 Rg6 41. Bf1 Kf6 42. a5 d5 43.
exd5 Bc5 44. Bb6 Bxb6 45. axb6 Nxd5 46. b7 Rg8 47. Bc4 Ke6 48. Rh6+ Kd7 49. Bxd5 1-0

[Event "*** Titled Tuesday Blitz"]
[Site "Chess.com"]
[Date "2018.12.04"]
[Round "6"]
[White "Atanejhad"]
[Black "Bigfish1995"]
[Result "0-1"]
[WhiteElo "2282"]
[BlackElo "3000"]
[TimeControl "180+2"]
[EndTime "14:20:58 PST"]
[Termination "Bigfish1995 won by resignation"]

1. d4 Nf6 2. c4 g6 3. Nc3 Bg7 4. e4 d6 5. Nf3 O-O 6. Be2 e5 7. O-O exd4 8. Nxd4 Re8 9. f3 Nbd7 10. Be3 c6 11.
Nc2 Ne5 12. h3 Be6 13. b3 d5 14. f4 Nxe4 15. Nxe4 Nxc4 16. bxc4 Bf5 17. Bd4 Bxe4 18. Bxg7 Kxg7 19. Bf3 dxc4 20. Bxe4 Rxe4 21. Qf3 Qd3 22. Qf2 Rd8 23. Rad1 Qxd1 24. Rxd1 Rxd1+ 25. Kh2 Rd3 26. Nb4 Rde3 27. Qb2+ c3 28. Qb1 Rxf4 29. Qc1 Rfe4 30.
Nc2 Re2 31. Nb4 Rc4 32. a3 c2 33. Qa1+ Kg8 34. Nd3 b5 35. Qf1 Re3 36. Nc1 a5 37. Qf4 Rxf4 0-1

[Event "*** Titled Tuesday Blitz"]
[Site "Chess.com"]
[Date "2018.12.04"]
[Round "6"]
[White "Firouzja2003"]
[Black "iaraldinho"]
[Result "1-0"]
[WhiteElo "3016"]
[BlackElo "2505"]
[TimeControl "180+2"]
[EndTime "14:21:04 PST"]
[Termination "Firouzja2003 won by resignation"]

1. e4 c5 2. Nf3 a6 3. c4 d6 4.
d4 cxd4 5. Nxd4 Nf6 6. Nc3 e6 7. Be2 Be7 8. O-O O-O 9. Be3 Qc7 10. Rc1 Bd7 11. f3 Rc8 12. Qd2 Nc6 13. Nd5 exd5 14.
cxd5 Nxd4 15. Rxc7 Nxe2+ 16. Qxe2 Rxc7 17. Bb6 Rcc8 18. Qd2 Bb5 19. Rc1 Nd7 20. Bd4 Ne5 21. b3 Ng6 22. a4 Bd7 23. Rxc8+ Rxc8 24. Qb4 b5 25. Qa5 bxa4 26. bxa4 Rc4 27. Be3 Rxa4 28. Qc7 Bb5 29. Qb8+ Bf8 30. Bb6 Ne5 31. Bc7 Nc4 32.
Bd8 Ra1+ 33. Kf2 Ra2+ 34. Kg3 Be8 35. Bh4 g5 36. Bxg5 f6 37. Bxf6 Kf7 38. Qc8 Kxf6 39. Qxe8 Bh6 40. Qe6+ Kg7 41. Qd7+ Kf6 42. Qd8+ Ke5 43.
Qh8+ 1-0

[Event "*** Titled Tuesday Blitz"]
[Site "Chess.com"]
[Date "2018.12.04"]
[Round "6"]
[White "Berardino"]
[Black "baki83"]
[Result "1-0"]
[WhiteElo "2422"]
[BlackElo "2466"]
[TimeControl "180+2"]
[EndTime "14:21:10 PST"]
[Termination "Berardino won on time"]

1. d4 Nf6 2. c4 e6 3. Nc3 Bb4 4. e3 b6 5. Ne2 Ba6 6. Ng3 O-O 7. e4 d5 8. e5 Ne4 9. Nxe4 dxe4 10. Be2 Nc6 11.
Be3 Na5 12. O-O Bxc3 13. bxc3 Bxc4 14. Bxc4 Nxc4 15. Qg4 Nxe3 16. fxe3 Qd5 17. Rf4 Qc4 18. Rxe4 Qxc3 19. Rf1 c5 20. h3 Rac8 21. Qg5 h6 22.
Qh4 Qd3 23. Rf3 cxd4 24. exd4 Rc1+ 25. Kh2 Qb1 26. Ref4 g5 27. Qg4 Rh1+ 28. Kg3 Qd1 29. Rf6 Kg7 30. Qh5 Qe1+ 31. Rf2 Qe3+ 32. R6f3 Qxd4 33.
Rxf7+ Rxf7 34. Qxf7+ 1-0

[Event "*** Titled Tuesday Blitz"]
[Site "Chess.com"]
[Date "2018.12.04"]
[Round "6"]
[White "realcontender"]
[Black "PowerThinking2650"]
[Result "0-1"]
[WhiteElo "2098"]
[BlackElo "2263"]
[TimeControl "180+2"]
[EndTime "14:21:11 PST"]
[Termination "PowerThinking2650 won by resignation"]

1. d4 Nf6 2. c4 g6 3. Nc3 Bg7 4. e4 d6 5. Nf3 O-O 6. Be2 e5 7. O-O Nc6 8. d5 Ne7 9. Nd2 Ne8 10. b4 f5 11. c5 Nf6 12. a4 fxe4 13. Ndxe4 Nf5 14.
cxd6 cxd6 15. Bg5 Nxe4 16. Nxe4 Qd7 17. Bb5 Qf7 18. Rc1 h6 19. Be3 g5 20. Qd2 Qe7 21. a5 a6 22. Ba4 Nd4 23. Bxd4 exd4 24. Rfe1 Be5 25. Qe2 Qf7 26. Bb3 g4 27. Ng3 h5 28.
Rf1 h4 29. Ne4 Qg6 30. Rc7 Bf5 31. Bc2 Rae8 32. Re1 g3 33. fxg3 hxg3 34. Nxg3 Bxg3 35. Re7 Rxe7 0-1

[Event "*** Titled Tuesday Blitz"]
[Site "Chess.com"]
[Date "2018.12.04"]
[Round "6"]
[White "AndrBaryshpolets"]
[Black "evgenyermolaev"]
[Result "1-0"]
[WhiteElo "2575"]
[BlackElo "2406"]
[TimeControl "180+2"]
[EndTime "14:21:12 PST"]
[Termination "AndrBaryshpolets won on time"]

1. d4 Nf6 2. c4 c5 3. d5 g6 4. Nc3 Bg7 5. e4 d6 6. h3 O-O 7. Nf3 e6 8. Bd3 exd5 9. exd5 Re8+ 10. Be3 Rxe3+ 11. fxe3 Qe7 12. Qe2 Nh5 13. Qf2 Nd7 14.
O-O-O b5 15. g4 b4 16. Ne4 Nhf6 17. Ng3 a5 18. g5 Ne8 19. Ne4 a4 20. Rdf1 Ra7 21.
h4 a3 22. b3 Ne5 23. Bc2 Nxf3 24. Qxf3 Qe5 25. Nf6+ Nxf6 26. gxf6 Bh6 27. Qe4 Qb2+ 28. Kd1 Bf8 29. h5 Qxa2 30. hxg6 fxg6 31. f7+ Rxf7 32. Rxf7 1-0

[Event "*** Titled Tuesday Blitz"]
[Site "Chess.com"]
[Date "2018.12.04"]
[Round "6"]
[White "rasmussvane"]
[Black "Dr-Bassem"]
[Result "1-0"]
[WhiteElo "2707"]
[BlackElo "2723"]
[TimeControl "180+2"]
[EndTime "14:21:17 PST"]
[Termination "rasmussvane won on time"]

1. Nf3 f5 2. d3 Nc6 3. e4 e5 4. d4 fxe4 5. Nxe5 Nf6 6. Bc4 d5 7. Bb5 Qd6 8. c4 a6 9. Bxc6+ bxc6 10. O-O dxc4 11. Na3 Be6 12. Qa4 Bd5 13. Naxc4 Qe6 14. Ne3 Bd6 15. Nxd5 Qxd5 16. Qxc6+ Qxc6 17. Nxc6 Kd7 18. Ne5+ Bxe5 19. dxe5 Ng4 20. Bf4 Rhf8 21. Bg3 Ke6 22.
Rac1 e3 23. fxe3 Nxe3 24. Rfe1 Nd5 25. Rc6+ Ke7 26. e6 Rac8 27. Bf2 Rf5 28. Rxa6 Nb4 29.
Ra3 Nc2 30. g4 Rd5 31. Rae3 Nxe3 32. Rxe3 Rf8 33. Re1 Rf4 34. h3 Rf3 35. Kg2 Rf6 36.
Rc1 Rd2 37. Rxc7+ Kd6 38. Rd7+ 1-0

[Event "*** Titled Tuesday Blitz"]
[Site "Chess.com"]
[Date "2018.12.04"]
[Round "6"]
[White "Panchenko_Dmitry"]
[Black "jmduque"]
[Result "1-0"]
[WhiteElo "2557"]
[BlackElo "2402"]
[TimeControl "180+2"]
[EndTime "14:21:17 PST"]
[Termination "Panchenko_Dmitry won by resignation"]

1. e4 e5 2. Nf3 Nc6 3. Bc4 Nf6 4. d3 h6 5. c3 d6 6. Bb3 g5 7. h3 Bg7 8. Nbd2 Qe7 9. Nf1 Nh5 10. g3 f5 11. exf5 Bxf5 12. Ne3 Bg6 13. Nd5 Qd7 14. g4 Nf6 15. Nxf6+ Bxf6 16. Bd5 Bf7 17. Qb3 Bxd5 18. Qxd5 O-O-O 19. Be3 Ne7 20. Qa5 Qc6 21. Ke2 a6 22.
Nd2 Ng6 23. Rae1 d5 24. Kd1 Kb8 25. f3 d4 26. cxd4 exd4 27. Bf2 Nf4 28. Qa3 Qb5 29. Nc4 Rhe8 30. Re4 Rxe4 31. fxe4 Re8 32. Kc2 Be7 33.
Qb3 Qc5 34. Kb1 Ne6 35. Rc1 Rf8 36. Bg3 Qb5 37. Qxb5 axb5 38. Ne5 Bd6 39. Nd7+ Kc8 40. Nxf8 Bxf8 41. Rf1 Bc5 42. Rf6 Kd7 43. Rxh6 Be7 44.
Rh7 c5 45. Be5 c4 46. Bf6 cxd3 47. Rxe7+ Kd6 48. Rxe6+ Kxe6 49. Bxd4 d2 50. Kc2 d1=Q+ 51. Kxd1 1-0

[Event "*** Titled Tuesday Blitz"]
[Site "Chess.com"]
[Date "2018.12.04"]
[Round "6"]
[White "TregubovP"]
[Black "Orest_Vovk"]
[Result "0-1"]
[WhiteElo "2553"]
[BlackElo "2423"]
[TimeControl "180+2"]
[EndTime "14:21:18 PST"]
[Termination "Orest_Vovk won by resignation"]

1. d4 h6 2. e4 g5 3. Bd3 Bg7 4. Ne2 c5 5. d5 d6 6. c4 Nd7 7.
Nbc3 Ne5 8. Ng3 Nxd3+ 9. Qxd3 Nf6 10. O-O Ng4 11. Qe2 Bxc3 12. bxc3 Qa5 13. Nf5 Bxf5 14. exf5 Ne5 15. f4 gxf4 16. Bxf4 Qxc3 17. Rac1 Qd3 18. Qh5 Rg8 19. Bxe5 Qe3+ 20. Kh1 Qxe5 21. Rce1 Qf6 22. Re6 Qg5 23. Qxg5 hxg5 24. Rh6 f6 25. Rh7 Kd7 26. Re1 Rge8 27. Re6 Kd8 28. g4 Rb8 29.
h4 gxh4 30. Kg2 b5 31. g5 fxg5 32. f6 bxc4 33. Rexe7 Rb2+ 34. Kh3 Rxe7 35. Rxe7 Rf2 36. Re6 Kc7 37. Kg4 c3 38. Kxg5 h3 39. Re1 h2 40.
Kg6 Rg2+ 41. Kf5 Rg1 0-1

[Event "*** Titled Tuesday Blitz"]
[Site "Chess.com"]
[Date "2018.12.04"]
[Round "6"]
[White "theblitzchamp"]
[Black "c63_amg"]
[Result "0-1"]
[WhiteElo "2696"]
[BlackElo "2632"]
[TimeControl "180+2"]
[EndTime "14:21:20 PST"]
[Termination "c63_amg won by checkmate"]

1. e4 c5 2. Nf3 d6 3. d4 cxd4 4.
Nxd4 Nf6 5. Nc3 a6 6. Bc4 Nbd7 7. f4 b5 8. Bb3 Bb7 9. Qe2 e5 10. Nf5 g6 11. Ng3 Bg7 12. f5 b4 13. Nd1 Nc5 14. fxg6 hxg6 15. Bg5 Nxb3 16. axb3 Qc7 17. Nf2 O-O 18.
O-O d5 19. Bxf6 Bxf6 20. Ng4 Qb6+ 21. Kh1 Bg7 22. Rad1 dxe4 23. Nxe4 f5 24. Qc4+ Kh8 25. Rd6 Qb5 26. Ng5 Qxc4 27. bxc4 fxg4 28. Re1 Rf5 29.
Rxg6 Raf8 30. h4 Rf2 31. Rg1 R8f6 32. Rxf6 Bxf6 33. Nf7+ Kg7 34. Nd6 Bc6 35. h5 Bg5 36. b3 Be3 37. c3 bxc3 38. b4 c2 39. b5 Rxg2 40. bxc6 Rxg1+ 41. Kh2 c1=Q 42. c7 Qd2# 0-1

[Event "*** Titled Tuesday Blitz"]
[Site "Chess.com"]
[Date "2018.12.04"]
[Round "6"]
[White "LastGladiator1"]
[Black "FMJoseHerrera"]
[Result "1-0"]
[WhiteElo "2683"]
[BlackElo "2554"]
[TimeControl "180+2"]
[EndTime "14:21:20 PST"]
[Termination "LastGladiator1 won by resignation"]

1. d4 Nf6 2. c4 c5 3. d5 b5 4. cxb5 a6 5. b6 g6 6. Nc3 Bg7 7. Nf3 O-O 8. a4 Qxb6 9. a5 Qb4 10. Ra4 Qb7 11. e4 d6 12. h3 Bd7 13. Ra3 e6 14. Be2 exd5 15. exd5 Bf5 16. O-O Nbd7 17. Nd2 Ne5 18. f4 Nd3 19. Nc4 Nxc1 20. Qxc1 Rfd8 21. g4 Bc8 22. Bf3 h5 23. Qd1 hxg4 24. Rb3 Qe7 25.
hxg4 Bd7 26. g5 Ne8 27. Re1 Bd4+ 28. Kg2 Qf8 29. Ne4 Bb5 30. Nb6 Ra7 31. Bg4 Re7 32. Rh3 Rxe4 33. Rxe4 Ng7 34. Qh1 Nf5 35. Rxd4 Qg7 36.
Rd2 Ne3+ 37. Rxe3 c4 38. Qh6 Qxh6 39. gxh6 f5 40. Bf3 Kh7 41. Re7+ Kxh6 42. Kg3 g5 43. Rh2+ Kg6 44. Re6+ Kg7 45. fxg5 Rf8 46. Kf4 c3 47. bxc3 1-0